AoeStats
← Wildfel

Arabia

510859825Analyzed
1v1 RM · 12h ago on Oct 2, 2026· 42m 40s· 2 players
Game mode
Random Map
Map size
Tiny (2 player)
Population
200
Speed
Normal
Resources
Standard
Victory
Conquest
Starting age
Dark Age
Ending age
Imperial Age
RankedLock teamsTeams togetherTeam positionsShared explorationLock speedFull tech treeHidden civsTurbo modeCheats
Victory
Defeat
🇦🇷 Maya · Argentina
1556
+19
🇮🇪 Burgundians · Ireland
1622
-19
andrewwoodsmith
3:04 Double-Bit Axe
6:42 Loom
9:55 Feudal Age
10:52 Bow Saw
16:21 Fletching
24:09 Castle Age
22:43 Gold Mining
22:38 Horse Collar
23:40 Scale Barding Armor
24:18 Forging
24:35 Cavalier
26:02 Chain Barding Armor
34:56 Town Watch
40:28 Imperial Age
39:44 Padded Archer Armor
39:22 Elite Skirmisher
41:27 Leather Archer Armor
Wildfel
0:28 Loom
9:12 Feudal Age
9:15 Man-at-Arms
13:18 Fletching
24:33 Castle Age
22:35 Padded Archer Armor
22:31 Gold Mining
22:23 Horse Collar
23:33 Double-Bit Axe
25:06 Wheelbarrow
24:35 Crossbowman
25:10 Bodkin Arrow
25:27 Bow Saw
35:51 Imperial Age
35:29 Thumb Ring
35:47 Ballistics
36:07 Stone Mining
36:32 Bracer
37:34 Chemistry
38:46 Arbalester
40:04 Masonry
40:57 Leather Archer Armor
Connection lost

Rejoining the realm…

Still unreachable

The connection could not be restored.

Session expired

The server has moved on; the page needs a fresh start.